AoeStats
← Justin Bobr

Black Forest

505657491Analyzed
2v2 RM · 22d ago on Sep 10, 2026· 78m 48s· 4 players
Game mode
Random Map
Map size
Medium (4 player)
Population
200
Speed
Normal
Resources
Standard
Victory
Conquest
Starting age
Dark Age
Ending age
Imperial Age
RankedLock teamsTeams togetherTeam positionsShared explorationLock speedFull tech treeHidden civsTurbo modeCheats
Victory
Defeat
🇨🇳 Persians · China
832
+17
🇨🇳 Wei · China
831
+17
🇩🇪 Shu · Germany
852
-18
🇺🇸 Britons · United States
839
-16
广智救我
10:16 Feudal Age
11:33 Wheelbarrow
13:53 Loom
15:12 Double-Bit Axe
17:43 Castle Age
16:38 Horse Collar
16:51 Stone Mining
17:07 Padded Archer Armor
18:39 Bow Saw
18:31 Heavy Plow
21:56 Hand Cart
22:02 Town Watch
24:29 Gold Mining
25:17 Stone Shaft Mining
27:04 Gold Shaft Mining
27:20 Leather Archer Armor
26:55 Fletching
30:11 Imperial Age
28:47 Ballistics
29:52 Murder Holes
30:09 Masonry
31:31 Crop Rotation
32:02 Two-Man Saw
31:56 Conscription
31:41 Kamandaran
31:59 Thumb Ring
31:15 Crossbowman
34:01 Caravan
34:14 Guilds
34:35 Coinage
34:54 Ring Archer Armor
34:15 Fletching
36:01 Hoardings
37:43 Chemistry
37:14 Architecture
36:57 Husbandry
37:08 Bloodlines
36:59 Bodkin Arrow
37:15 Forging
37:11 Scale Barding Armor
37:50 Elite War Elephant
40:53 Iron Casting
40:39 Chain Barding Armor
42:21 Devotion
43:24 Blast Furnace
44:39 Banking
48:11 Plate Barding Armor
52:03 Onager
67:55 Herbal Medicine
全都是党指导有方
3:42 Loom
10:22 Feudal Age
11:04 Double-Bit Axe
13:12 Wheelbarrow
14:30 Gold Mining
20:53 Castle Age
19:14 Horse Collar
19:50 Stone Mining
22:30 Fletching
22:42 Padded Archer Armor
23:48 Heavy Plow
24:29 Gold Shaft Mining
24:49 Bodkin Arrow
25:39 Bow Saw
25:53 Hand Cart
25:34 Town Watch
26:44 Stone Shaft Mining
26:45 Bow Saw
27:30 Ballistics
27:15 Murder Holes
28:54 Town Patrol
29:22 Masonry
33:11 Imperial Age
31:08 Bloodlines
30:58 Husbandry
31:45 Thumb Ring
32:32 Husbandry
32:16 Treadmill Crane
34:28 Crop Rotation
35:00 Chemistry
34:34 Tuntian
35:03 Conscription
35:18 Bracer
35:34 Leather Archer Armor
35:30 Forging
35:27 Scale Barding Armor
36:03 Caravan
36:34 Coinage
37:16 Masonry
38:01 Banking
38:24 Hoardings
40:07 Ming Guang Armor
40:23 Parthian Tactics
40:36 Iron Casting
40:33 Ring Archer Armor
41:26 Light Cavalry
41:26 Heavy Hei Guang Cavalry
45:42 Hussar
55:48 Chain Barding Armor
63:06 Blast Furnace
69:40 Elite Tiger Cavalry
Tiger Eyes
2:14 Loom
14:27 Feudal Age
21:40 Horse Collar
24:31 Castle Age
25:55 Double-Bit Axe
26:13 Heavy Plow
27:59 Pikeman
28:00 Elite Skirmisher
29:41 Bow Saw
32:18 Fortified Wall
33:56 Forging
33:46 Scale Mail Armor
37:46 Imperial Age
36:08 Wheelbarrow
37:16 Caravan
38:38 Fletching
38:48 Padded Archer Armor
39:23 Iron Casting
38:48 Scale Mail Armor
39:11 Ballistics
39:52 Chemistry
38:58 Siege Engineers
39:18 Conscription
40:05 Onager
43:48 Yeomen
42:50 Elite Longbowman
43:55 Yeomen
46:02 Capped Ram
47:23 Warwolf
47:48 Man-at-Arms
48:29 Squires
48:09 Halberdier
48:31 Long Swordsman
48:59 Arson
48:35 Crossbowman
51:57 Two-Handed Swordsman
52:01 Arbalester
53:37 Champion
55:42 Blast Furnace
54:57 Chain Mail Armor
54:37 Bodkin Arrow
54:57 Leather Archer Armor
61:46 Gambesons
72:32 Hand Cart
72:03 Town Watch
Justin Bobr
0:34 Loom
13:17 Feudal Age
19:49 Castle Age
18:34 Double-Bit Axe
18:31 Horse Collar
21:57 Gambesons
22:12 Squires
21:57 Arson
22:34 Bow Saw
22:26 Heavy Plow
25:15 Wheelbarrow
25:09 Gold Mining
25:10 Stone Mining
25:47 Pikeman
25:47 Man-at-Arms
28:03 Fortified Wall
29:15 Hand Cart
29:48 Masonry
30:35 Forging
30:25 Scale Mail Armor
30:15 Fletching
31:44 Gold Shaft Mining
35:28 Imperial Age
33:06 Scale Mail Armor
33:14 Caravan
32:49 Crossbowman
34:11 Thumb Ring
34:04 Bodkin Arrow
34:11 Padded Archer Armor
35:10 Chain Mail Armor
34:46 Town Watch
35:32 Ballistics
35:14 Coiled Serpent Array
35:51 Town Patrol
35:43 Halberdier
37:30 Plate Mail Armor
37:16 Leather Archer Armor
37:02 Bracer
38:31 Bolt Magazine
39:39 Two-Man Saw
38:18 Arbalester
39:45 Elite White Feather Guard
50:51 Ring Archer Armor
62:05 Elite Skirmisher
Connection lost

Rejoining the realm…

Still unreachable

The connection could not be restored.

Session expired

The server has moved on; the page needs a fresh start.